 Dungeon Crawl Stone Soup version 0.26.0-18-gc5c842f807 (webtiles) character file.

Game seed: 7981287304657197686

112 kaeus the Firebug (level 4, -3/24 HPs)
             Began as a Gargoyle Fire Elementalist on Jan 23, 2021.
             Killed from afar by Ijyb (6 damage)
             ... with a puff of flame
             ... on level 3 of the Dungeon.
             The game lasted 00:03:01 (2481 turns).

kaeus the Firebug (Gargoyle Fire Elementalist)      Turns: 2481, Time: 00:03:01

Health: -3/24      AC:  6    Str: 12    XL:     4   Next: 93%
Magic:  0/8        EV: 11    Int: 16    God:
Gold:   84         SH:  0    Dex: 10    Spells: 7/8 levels left

rFire    . . .     SeeInvis .   o - +0 great sword
rCold    . . .     Faith    .   (shield currently unavailable)
rNeg     + . .     Spirit   +   b - +0 leather armour
rPois    ∞         Reflect  .   (no helmet)
rElec    +         Harm     .   (no cloak)
rCorr    .         Rampage  .   (no gloves)
Will     .....     Rnd*Tele +   (no boots)
Stlth    ++........             e - amulet of guardian spirit
HPRegen  0.08/turn              j - ring of teleportation (curse)
MPRegen  0.11/turn              (no ring)

@: no status effects
A: negative energy resistance 1, electricity resistance, unbreathing,
petrification resistance, miasma immunity, AC +3
a: no special abilities


You were on level 3 of the Dungeon.
You visited 1 branch of the dungeon, and saw 3 of its levels.

You collected 84 gold pieces.

Inventory:

Hand Weapons
 k - a +0 falchion
 o - a +0 great sword (weapon)
Armour
 b - a +0 leather armour (worn)
Jewellery
 e - an amulet of guardian spirit (around neck)
 j - a cursed ring of teleportation (left hand)
Scrolls
 a - a scroll of fear {unknown}
 f - 2 scrolls of identify
 g - a scroll of enchant weapon
 l - a scroll of enchant armour {unknown}
 m - a scroll of blinking {unknown}
 n - a scroll of magic mapping {unknown}
Potions
 c - a potion of invisibility {unknown}
 d - 3 potions of curing {unknown}
 h - 3 potions of heal wounds {unknown}
 i - a potion of resistance {unknown}
 p - a potion of degeneration {unknown}


   Skills:
 - Level 1.5 Dodging
 - Level 2.1 Stealth
 + Level 2.8 Spellcasting
 + Level 2.6 Conjurations
 * Level 4.3 Fire Magic


You had 7 spell levels left.
You knew the following spells:

 Your Spells              Type           Power        Failure   Level
a - Foxfire               Conj/Fire      52%          6%          1

Your spell library contained the following spells:

 Spells                   Type           Power        Failure   Level
 Conjure Flame            Conj/Fire      13%          17%         3
 Inner Flame              Hex/Fire       9%           30%         3
 Sticky Flame             Conj/Fire      13%          50%         4
 Fireball                 Conj/Fire      6%           85%         5


Dungeon Overview and Level Annotations

Branches:
Dungeon (3/15)

Altars:

Annotations:
D:3 Ijyb


Innate Abilities, Weirdness & Mutations

You are resistant to torment.
Your stone body is resilient. (AC +3)
You are immune to poison.
You resist negative energy. (rN+)
You are resistant to electric shocks. (rElec)
You can survive without breathing.
You are immune to petrification.
You are immune to miasma.


Message History

Ijyb is nearby!
Casting: Foxfire (safe; 6% risk of failure)
Confirm with . or Enter, or press ? or * to list all spells.
You conjure some foxfire!
Ijyb zaps a wand.
The puff of flame hits you.
You take 2 damage, and have 9/24 hp.
You now have 3/8 mp.
You hit Ijyb.
Ijyb is severely wounded.
The foxfire hits Ijyb.
Ijyb is almost dead.
Ijyb zaps a wand.
The puff of flame hits you!
* * * LOW HITPOINT WARNING * * *
You take 6 damage, and have 3/24 hp.
MASSIVE DAMAGE!!
You now have 0/8 mp.
Casting: Foxfire (safe; 6% risk of failure)
Confirm with . or Enter, or press ? or * to list all spells.
You don't have enough magic to cast that spell.
You barely miss Ijyb.
Ijyb is almost dead.
Ijyb screams, "I no like you!" Ijyb hits you but does no damage.
Ijyb zaps a wand.
The puff of flame hits you!
You die...

#<....# #....# ####.##
....##.#### #.# ....##.#
####.## .... #.# #.....#
... #)# #.##.## .. #.#
#.#### .# #.# #.# #####g#
#.# #.# #..v@.# #.# #.#
#.##### #.#
#.#####.###.## #.#
#....##.##...####.#
.######..#..............#
............#........####
#....#....###.....##
#...#.#..## ##...##
#..#._.#.# #...#


You could see Ijyb.

Vanquished Creatures
  An orc wizard (D:3)
  3 adders (D:2)
  A worm (D:2)
  A dart slug (D:1)
  3 leopard geckos
  3 orcs (D:3)
  4 bats
  5 giant cockroaches
  4 jackals (D:2)
  5 kobolds
  6 frilled lizards
  6 goblins
  5 rats
47 creatures vanquished.

Vanquished Creatures (others)
  140 foxfires
140 creatures vanquished.

Grand Total: 187 creatures vanquished

Notes
Turn   | Place    | Note
-------+----------+-------------------------------------------
     0 | D:1      | kaeus the Gargoyle Fire Elementalist began the quest for
                  | the Orb.
     0 | D:1      | Reached XP level 1. HP: 10/10 MP: 3/3
   293 | D:1      | Reached XP level 2. HP: 15/15 MP: 1/5
  1013 | D:2      | Reached XP level 3. HP: 19/19 MP: 3/6
  1522 | D:2      | Reached skill level 4 in Fire Magic
  1522 | D:2      | Reached XP level 4. HP: 24/24 MP: 3/7
  2194 | D:3      | Found a faded altar of an unknown god.
  2469 | D:3      | Noticed Ijyb
  2481 | D:3      | Killed from afar by Ijyb

Illustrated notes

Levels and vault maps discovered:
D:1:      dpeg_arrival_leaves_temple_mockup, layout_rooms, serial_glass,
          glass_columns_a, glass_columns_a
D:2:      layout_basic, minivault_24
D:3:      layout_loops_cross, chequers_ecumenical_altar_simple_redux, uniq_ijyb

Skill      XL: |  1  2  3 |
---------------+----------+-----
Conjurations   | 2 |  2.6
Fire Magic     | 4 |  4.3
Dodging        | |  1.5
Stealth        | |  2.1
Spellcasting   | |  2.8

Action                   |  1- 3 |  4- 6 || total
-------------------------+-------+-------++-------
Melee: Unarmed           |     2 |       ||     2
       Dagger            |    11 |       ||    11
       Falchion          |     1 |     4 ||     5
       Great sword       |       |    10 ||    10
 Cast: Foxfire           |    64 |    31 ||    95
  Use: Scroll            |     2 |       ||     2
Armor: Leather armour    |     3 |     5 ||     8
Dodge: Dodged            |     5 |     5 ||    10
       Rpst.: Falchion   |       |     1 ||     1
